 Dungeon Crawl Stone Soup version 0.30-a0-618-gd6c86c23d0 (webtiles) character file.

Game seed: 16474939525705228813

132 Leeroy the Ruffian (level 4, -5/35 HPs)
             Began as a Draconian Transmuter on Jan 9, 2023.
             Was an Initiate of Wu Jian.
             Blown up by Pikel (12 damage)
             ... with a mindburst bolt
             ... on level 4 of the Dungeon.
             The game lasted 00:05:02 (3440 turns).

Leeroy the Ruffian (Draconian Transmuter)           Turns: 3440, Time: 00:05:02

Health: -5/35      AC:  5    Str: 14    XL:     4   Next: 92%
Magic:  5/7        EV: 12    Int: 13    God:    Wu Jian [......]
Gold:   120        SH:  0    Dex: 12    Spells: 1/7 levels left

rFire   . . .      SeeInvis .      - Unarmed
rCold   + . .      Faith    .    (no shield)
rNeg    . . .      Spirit   .    (body armour unavailable)
rPois   .          Reflect  .    (helmet restricted)
rElec   .          Harm     .    (no cloak)
rCorr   .          Rampage  .    (no gloves)
Will    .....                    (no boots)
Stlth   ++                       (no amulet)
HPRegen 0.25/turn                e - ring of protection from cold
MPRegen 0.10/turn                (no ring)

@: no status effects
A: AC +5, unfitting armour, cold-blooded
a: Renounce Religion


You were on level 4 of the Dungeon.
You worshipped Wu Jian.
Wu Jian was noncommittal.
You visited 1 branch of the dungeon, and saw 4 of its levels.

You collected 192 gold pieces.
You spent 72 gold pieces at shops.

Inventory:

Jewellery
 e - a ring of protection from cold (left hand)
Wands
 i - a wand of charming (7)
Scrolls
 b - a scroll of amnesia
 c - a scroll of silence
 h - 2 scrolls of teleportation
 k - a scroll of magic mapping
Potions
 d - 2 potions of might {unknown}
 f - a potion of magic
 g - a potion of curing
 j - a potion of mutation
 l - 2 potions of heal wounds {unknown}
 m - a potion of haste


   Skills:
 - Level 1.5 Fighting
 - Level 1.7 Dodging
 - Level 3.3 Stealth
 + Level 4.2 Unarmed Combat
 - Level 2.0 Spellcasting
 - Level 2.0 Transmutations


You had one spell level left.
You knew the following spells:

 Your Spells              Type           Power      Damage    Failure   Level
a - Beastly Appendage     Tmut           12%        N/A       11%         1
b - Spider Form           Tmut/Pois      3%         N/A       45%         3
c - Wereblood             Tmut           6%         N/A       17%         2

Your spell library contained the following spells:

 Spells                   Type           Power      Damage    Failure   Level
 Ice Form                 Ice/Tmut       3%         N/A       86%         4


Dungeon Overview and Level Annotations

Branches:
Dungeon (4/15)
 Temple: D:4-7

Altars:
Elyvilon
Hepliaklqana
Wu Jian
Xom

Shops:
D:3 ?

Annotations:
D:3 1 runed translucent door, zero's ghost, amateur DsIE
D:4 Pikel


Innate Abilities, Weirdness & Mutations

Your plain brown scales are hard. (AC +5)
You cannot fit into any form of body armour.
You are cold-blooded and may be slowed by cold attacks.


Message History

HP restored.
Casting: Spider Form (quite dangerous; 45% risk of failure)
Confirm with . or Enter, or press ? or * to list all spells.
The spell is quite dangerous to miscast (45% risk of failure)!
Continue anyway?
You turn into a venomous arachnid creature.
Your transformation is almost over.
You climb downwards.
Level annotation: Pikel
There is a stone staircase leading up here.
You lunge at Pikel.
You hit Pikel.
Pikel is poisoned.
Pikel is lightly wounded.
Pikel misses you.
You hit Pikel.
Pikel looks as sick as possible!
Pikel is lightly wounded.
Pikel zaps a wand.
You barely resist. You hit Pikel.
Pikel is moderately wounded.
Pikel misses you.
You hit Pikel but do no damage.
Pikel looks as sick as possible!
Pikel is moderately wounded.
Pikel says, "You'll rust in Dis!"
Pikel zaps a wand.
You barely resist. You barely miss Pikel.
Pikel is heavily wounded.
Pikel zaps a wand.
Your mind is blasted!
You barely miss Pikel.
Pikel is heavily wounded.
Your transformation has ended.
Pikel zaps a wand.
Your mind is blasted!
You closely miss Pikel. You punch Pikel, but do no damage.
Pikel is heavily wounded.
Pikel zaps a wand.
Your mind is blasted!
* * * LOW HITPOINT WARNING * * *
Okay, then.
You hit Pikel.
Pikel is severely wounded.
You barely miss Pikel.
Pikel is almost dead.
Pikel zaps a wand.
Your mind is blasted!
You die...

#...... #......
#...... #####.#
#..... #.K...
##############.....
##...#...#...###..#.
##.<@K....[##........
#....[...............
#...........##...##..
#...........####..#.#
##.........####.....#
##........##_#.##...
##...###.##.###....
#...#####...##....
#..>#..#..#..#....


You could see Pikel (very poisoned).

Vanquished Creatures
  4 lemures
  6 adders
  2 worms
  An orc (D:4)
  4 endoplasms
  3 giant cockroaches
  6 hobgoblins
  4 jackals (D:2)
  10 kobolds
  3 quokkas
  7 ball pythons
  6 bats
  8 frilled lizards
  4 goblins
  6 rats
74 creatures vanquished.

Vanquished Creatures (others)
  A plant (D:2)
1 creature vanquished.

Grand Total: 75 creatures vanquished

Notes
Turn   | Place    | Note
-------+----------+-------------------------------------------
     0 | D:1      | Leeroy the Draconian Transmuter began the quest for the
                  | Orb.
     0 | D:1      | Reached XP level 1. HP: 16/16 MP: 3/3
    61 | D:1      | Reached skill level 1 in Stealth
    70 | D:1      | Reached XP level 2. HP: 23/23 MP: 5/5
   818 | D:2      | Reached XP level 3. HP: 27/28 MP: 6/6
  1007 | D:2      | Learned a level 3 spell: Spider Form
  1010 | D:2      | Learned a level 2 spell: Wereblood
  1267 | D:2      | Reached XP level 4. HP: 26/35 MP: 5/7
  1835 | D:3      | Found a runed translucent door.
  1838 | D:3      | Noticed zero's ghost (amateur DsIE)
  2337 | D:3      | Found Zathreyx's Magic Scroll Shoppe.
  2348 | D:3      | Bought 3 scrolls of identify for 72 gold pieces
  2369 | D:3      | Noticed a steam dragon
  2456 | D:4      | Reached skill level 4 in Unarmed Combat
  2596 | D:4      | Found a hazy altar of Hepliaklqana.
  2596 | D:4      | Found an ornate altar of the Wu Jian Council.
  2604 | D:4      | Found a faded altar of an unknown god.
  2606 | D:4      | Became a worshipper of the Wu Jian Council
  2609 | D:4      | Found a shimmering altar of Xom.
  2611 | D:4      | Found a white marble altar of Elyvilon.
  2655 | D:4      | Noticed a lemure
  2655 | D:4      | Noticed a lemure
  2658 | D:4      | Noticed Pikel
  2659 | D:4      | Noticed a lemure
  2711 | D:3      | Killed a lemure
  3059 | D:3      | Killed a lemure
  3250 | D:4      | Noticed a lemure
  3258 | D:4      | Killed a lemure
  3271 | D:4      | Killed a lemure
  3440 | D:4      | Blown up by Pikel

Illustrated notes

Levels and vault maps discovered:
D:1:      tarquinn_simple_flora_water_d, layout_loops_cross, grunt_decor_cap
D:2:      cheibrodos_old_hovel, layout_basic, minmay_lizard_pond
D:3:      layout_basic, marbit_many_paths, hellmonk_ghost_happy_afterlife,
          serial_shops, nicolae_lakefront_shop, minmay_misc_feat_room,
          corexii_leaking_fountain
D:4:      kennysheep_six_static_rooms, layout_rooms,
          chequers_temple_overflow_minitemple, lemuel_coloured_pillars_altar,
          uniq_pikel

Skill      XL: |  1  2  3  4 |
---------------+-------------+-----
Stealth        | 1 2 3 |  3.3
Unarmed Combat | 4 |  4.2
Fighting       | |  1.5
Dodging        | |  1.7
Spellcasting   | |  2.0
Transmutations | |  2.0

Action                   |  1- 3 |  4- 6 || total
-------------------------+-------+-------++-------
Melee: Unarmed           |   131 |   175 ||   306
       Tailslap          |    19 |    18 ||    37
       Kick              |     7 |     2 ||     9
       Punch             |     3 |     2 ||     5
       Headbutt          |     2 |     2 ||     4
 Cast: Beastly Appendage |     3 |     2 ||     5
       Spider Form       |       |     3 ||     3
Invok: Lunge             |       |     3 ||     3
  Use: Scroll            |       |     7 ||     7
       Potion            |       |     1 ||     1
 Stab: Sleeping          |     1 |     4 ||     5
Armor: Skin              |    51 |    51 ||   102
Dodge: Dodged            |    80 |   102 ||   182

Table legend: (Time is in decaauts)
 A = Elapsed time spent in this place.
 B = Non-inter-level travel time spent in this place.
 C = Inter-level travel time spent in this place.
 D = Time resting spent in this place.
 E = Time spent auto-exploring this place.
 F = Levels seen in this place.
 G = Mean time per level.
                   A        B        C        D        E       F      G
               +--------+--------+--------+--------+--------+-----+--------+
         Total |   3421 |   3381 |     40 |    657 |   2071 |   4 |  855.2 |
       Dungeon |   3421 |   3381 |     40 |    657 |   2071 |   4 |  855.2 |
               +--------+--------+--------+--------+--------+-----+--------+

Top non-repeatable levels by time:
     D:3: 1294 daAuts
     D:2: 1005 daAuts
     D:1: 805 daAuts
     D:4: 316 daAuts
